 Dungeon Crawl Stone Soup version 0.24.0-13-gcf9b3192b9 (webtiles) character file.

Game seed: 10549437981271206704, levelgen mode: deterministic

169417 Delamore the Executioner (level 17, -3/150 HPs)
             Began as a Hill Orc Fighter on Nov 10, 2019.
             Was the Champion of Okawaru.
             Slain by a guardian serpent (6 damage)
             ... on level 4 of the Snake Pit.
             The game lasted 01:57:10 (32305 turns).

Delamore the Executioner (Hill Orc Fighter)        Turns: 32305, Time: 01:57:11

Health: -3/150     AC: 42    Str: 26    XL:     17   Next: 97%
Magic:  24/26      EV:  8    Int: 14    God:    Okawaru [******]
Gold:   1577       SH:  0    Dex: 10    Spells: 16/16 levels left

rFire    + + .     SeeInvis .   P - +2 executioner's axe (freeze)
rCold    + + .     Gourm    .   (shield currently unavailable)
rNeg     . . .     Faith    .   X - +8 orange crystal plate armour {Archmagi, Int+3 Clar}
rPois    +         Spirit   .   b - +0 helmet {Int+3}
rElec    .         Reflect  .   k - scarf {rC+ rF+}
rCorr    .         Harm     .   E - +0 pair of gloves
MR       +....     Clarity  +   A - +2 pair of boots {run}
Stlth    ..........             y - amulet of rage
HPRegen  0.35/turn              o - ring of protection from fire
MPRegen  0.20/turn              D - ring of poison resistance

@: lethally poisoned (-3 -> -64), about to teleport, heroism, slowed,
constricted, very slow
A: claws 1, icy blue scales 1, cold resistance 1
a: Heroism, Finesse, Renounce Religion, Evoke Berserk Rage


You were on level 4 of the Snake Pit.
You worshipped Okawaru.
Okawaru was exalted by your worship.
You were not hungry.

You visited 5 branches of the dungeon, and saw 24 of its levels.
You visited the Abyss 1 time.
You also visited: Sewer and Ice Cave.

You collected 2751 gold pieces.
You spent 1174 gold pieces at shops.

Inventory:

Hand Weapons
 a - the +4 battleaxe of Generosity {protect, rF+ Str+3 Dex+3 Stlth+}
   (You acquired it on level 8 of the Dungeon)

   It grants its wielder temporary protection when it strikes (+7 to AC).
   It affects your strength (+3).
   It affects your dexterity (+3).
   It protects you from fire.
   It makes you more stealthy.
 c - a +2 antimagic battleaxe
 e - a +3 executioner's axe of chopping
 K - a +3 battleaxe of flaming
 P - a +2 executioner's axe of freezing (weapon)
 U - the +8 battleaxe "Xaepih" {distort, rElec Int+3}
   (Okawaru gifted it to you on level 6 of the Lair of Beasts)

   It warps and distorts space around it.
   Unwielding it can cause banishment or high damage.
   It affects your intelligence (+3).
   It insulates you from electricity.
Missiles
 q - 2 throwing nets (quivered)
 r - 17 curare-tipped darts
Armour
 b - a +0 helmet of intelligence (worn)
 k - a scarf of resistance (worn)
 v - a +0 cloak of cold resistance
 A - a +2 pair of boots of running (worn)
 E - a +0 pair of gloves (worn)
 X - the +8 orange crystal plate armour (worn) {Archmagi, Int+3 Clar}
   (You found it on level 4 of the Lair of Beasts)

   It affects your intelligence (+3).
   It protects you against confusion.
Jewellery
 o - a ring of protection from fire (left hand)
 t - an uncursed ring of protection from cold
 w - the ring "Apukli" {MP+9 Str+4}
   (You found it on level 1 of the Elven Halls)

   [ring of magical power]

   It affects your strength (+4).
   It affects your magic capacity (+9).
 y - an amulet of rage (around neck)
 D - a ring of poison resistance (right hand)
 N - an uncursed ring of see invisible
 Z - an uncursed ring of positive energy
Wands
 n - a wand of acid (2)
 F - a wand of digging (10)
 H - a wand of iceblast (16)
 L - a wand of paralysis (32)
 Q - a wand of flame (78)
Scrolls
 h - a scroll of silence
 j - 5 scrolls of fear
 l - 8 scrolls of remove curse
 s - 11 scrolls of teleportation
 u - 6 scrolls of enchant weapon
 B - a scroll of blinking
 C - 4 scrolls of identify
 M - 5 scrolls of amnesia
 O - a scroll of holy word
 R - a scroll of brand weapon
 S - a scroll of torment
 T - 3 scrolls of vulnerability
 W - 3 scrolls of enchant armour
Potions
 d - 6 potions of might
 i - a potion of flight
 m - 6 potions of ambrosia
 p - a potion of mutation
 x - 11 potions of curing
 z - 2 potions of agility
 G - 5 potions of haste
 I - a potion of cancellation
 J - 2 potions of resistance
 V - a potion of heal wounds
Miscellaneous
 g - a sack of spiders
Comestibles
 f - 40 rations


   Skills:
 - Level 13.6(18.6) Fighting
 * Level 25.6(27) Axes
 - Level 12.7(17.7) Armour
 - Level 8.3(13.3) Dodging
   Level 3.2(8.2) Shields
 - Level 12.1 Invocations
 - Level 9.6 Evocations


You had 16 spell levels left.
You didn't know any spells.
Your spell library contained the following spells:

 Spells                   Type           Power        Failure   Level  Hunger
 Confusing Touch          Hex            #.....       99%         1    ##.....
 Corona                   Hex            #......      99%         1    ##.....
 Magic Dart               Conj           #...         99%         1    ##.....
 Shock                    Conj/Air       #...         99%         1    ##.....
 Summon Small Mammal      Summ           #...         99%         1    ##.....
 Call Imp                 Summ           #.......     100%        2    ###....
 Ensorcelled Hibernation  Hex/Ice        #.....       100%        2    ###....
 Searing Ray              Conj           #.....       100%        2    ###....
 Swiftness                Chrm/Air       #.......     100%        2    ###....
 Call Canine Familiar     Summ           #.......     100%        3    ####...
 Confuse                  Hex            #.......     100%        3    ####...
 Dazzling Spray           Conj/Hex       #.....       100%        3    ####...
 Gell's Gravitas          Tloc           #.........   100%        3    ####...
 Recall                   Summ/Tloc      N/A          100%        3    ####...
 Static Discharge         Conj/Air       #.......     100%        3    ####...
 Summon Guardian Golem    Hex/Summ       #.......     100%        3    ####...
 Tukima's Dance           Hex            #.......     100%        3    ####...
 Airstrike                Air            #.........   100%        4    #####..
 Animate Dead             Necr           N/A          100%        4    #####..
 Force Lance              Conj/Tloc      #.......     100%        4    #####..
 Fulminant Prism          Conj/Hex       #.........   100%        4    #####..
 Iskenderun's Mystic Bla  Conj           #.......     100%        4    #####..
 Leda's Liquefaction      Hex/Erth       #.........   100%        4    #####..
 Petrify                  Tmut/Erth      #.......     100%        4    #####..
 Summon Ice Beast         Ice/Summ       #.......     100%        4    #####..
 Summon Lightning Spire   Summ/Air       #.......     100%        4    #####..
 Bolt of Magma            Conj/Fire/Erth #.........   100%        5    ######.
 Borgnjor's Vile Clutch   Necr/Erth      #.........   100%        5    ######.
 Lightning Bolt           Conj/Air       #.........   100%        5    ######.
 Metabolic Englaciation   Hex/Ice        #.........   100%        5    ######.
 Yara's Violent Unravell  Hex/Tmut       #.........   100%        5    ######.
 Death Channel            Necr           #.........   100%        6    #######
 Iron Shot                Conj/Erth      #.........   100%        6    #######
 Simulacrum               Ice/Necr       #.........   100%        6    #######
 Statue Form              Tmut/Erth      #........    100%        6    #######
 Shatter                  Erth           #.........   100%        9    #######


Dungeon Overview and Level Annotations

Branches:
Dungeon (11/15)            Temple (0/1) D:4            Lair (6/6) D:11
  Swamp (0/4) Lair:2        Snake (4/4) Lair:3        Slime (0/5) Lair:5
    Orc (2/2) D:11            Elf (1/3) Orc:2         Sewer (visited)
  IceCv (visited)

Altars:
Dithmenos
Elyvilon
Fedhas
Nemelex Xobeh
Okawaru
Trog
The Shining One
Beogh
Jiyva

Shops:
D:6 !   Orc:2 :*[(   Elf:1 [   Snake:3 %*!(

Annotations:
Lair:2 3 runed translucent doors, exclusion: 4 oklob plants, Kotami's ghost, journeyman OpFi


Innate Abilities, Weirdness & Mutations

You have sharp fingernails.
You are partially covered in icy blue scales. (AC +2)
Your flesh is cold resistant. (rC+)


Message History

* * * LOW HITPOINT WARNING * * *
You gain the combat prowess of a mighty hero.
* * * LOW HITPOINT WARNING * * *
You feel extremely sick.
The nagaraja hits you but does no damage. x2
* * * LOW HITPOINT WARNING * * *
The nagaraja constricts you.
The nagaraja hits you from afar with a +0 spear.
* * * LOW HITPOINT WARNING * * *
The nagaraja spits poison at you. The splash of poison misses you.
The splash of poison hits the naga mage.
The naga mage is poisoned.
The naga warrior hits you but does no damage.
The nagaraja points at you and mumbles some strange words.
You feel strangely unstable. The nagaraja constricts you.
The naga warrior hits you from afar with a +0 halberd!
* * * LOW HITPOINT WARNING * * *
The guardian serpent hits you.
You die...

# NN #### N.
##....# NN
##....... ##N
##NN......
.##...##@SN....$.
.....NN.NNN......
##....N##...?....
###.## ##.......
#. ##....# #
#####


You could see 3 naga warriors, 5 nagarajas, a guardian serpent and a naga mage.

Vanquished Creatures
  A lich (Abyss:1)
  A tentacled starspawn (Abyss:1)
  A shadow dragon (Elf:1)
  2 nagarajas
  An iron dragon (Elf:1)
  Aizul (Snake:1)
  An orc warlord (Orc:1)
  3 deep elf demonologists
  Azrael (Snake:3)
  An ettin (Orc:1)
  The ghost of Shaidar the Severer, a journeyman HOFi of the Shining One (Lair:1)
  A blizzard demon (IceCv)
  2 fire dragons
  Erolcha (Orc:2)
  6 naga warriors
  11 hydras
  An ice dragon (Elf:1)
  5 anacondas
  9 dancing weapons (Elf:1)
  5 death yaks
  A thrashing horror (Abyss:1)
  4 orc high priests
  6 naga sharpshooters
  Sonja (Orc:2)
  4 shock serpents
  12 deep elf knights
  A fire crab (Lair:6)
  2 wretched stars (Abyss:1)
  12 deep elf archers (Elf:1)
  5 naga ritualists
  5 orc knights
  2 lindwurms (Lair:6)
  33 deep elf magi (Elf:1)
  6 salamanders
  A worldbinder (Abyss:1)
  11 mana vipers
  3 orc sorcerers
  An ugly thing (D:11)
  2 cyclopes
  A manticore (D:11)
  32 black mambas
  An ice statue (IceCv)
  18 naga magi
  2 guardian serpents
  7 torpor snails
  A rime drake (Lair:3)
  14 spiny frogs
  6 komodo dragons
  4 freezing wraiths (IceCv)
  3 anaconda simulacra (IceCv)
  3 golden dragon simulacra (IceCv)
  6 ice devils (IceCv)
  9 polar bears (Lair:6)
  8 trolls
  3 tyrant leeches (Lair:6)
  2 wolf spider simulacra (IceCv)
  A raiju (Lair:6)
  A bog body (Lair:2)
  8 hornets
  Grinder (D:4)
  7 hippogriffs
  16 blink frogs
  3 dream sheep
  5 air elementals (Elf:1)
  A dire elephant simulacrum (IceCv)
  Eustachio (D:4)
  2 wyverns
  68 yaks
  5 fire elementals
  A water elemental (Elf:1)
  A hungry ghost (D:11)
  A basilisk (Lair:1)
  3 small abominations (Abyss:1)
  An iron troll simulacrum (IceCv)
  3 harpy simulacra (IceCv)
  13 wargs
  A hydra simulacrum (IceCv)
  18 hell hounds
  A large abomination (Abyss:1)
  22 nagas
  8 porcupines
  15 water moccasins
  2 sky beasts
  3 ettin simulacra (IceCv)
  16 black bears
  22 orc warriors
  4 phantoms
  6 ogres
  4 ice beasts
  4 boggarts (Lair:4)
  25 wolves
  2 centaurs
  14 crocodiles
  4 big kobolds
  12 bullfrogs
  An earth elemental (Elf:1)
  3 scorpions (D:5)
  A jelly (D:6)
  3 killer bees (D:7)
  2 howler monkeys (D:10)
  6 lava snakes (Snake:3)
  4 crimson imps
  4 draconian simulacra (IceCv)
  3 centaur skeletons
  3 hounds
  9 orc priests
  Terence (D:2)
  7 iguanas
  16 orc wizards
  8 hell rats (Lair:2)
  12 worker ants
  3 troll simulacra (IceCv)
  A wolf simulacrum (IceCv)
  2 killer bee zombies
  A centaur simulacrum (IceCv)
  2 worker ant zombies (D:10)
  4 gnolls (Orc:2)
  16 adders
  3 naga simulacra (IceCv)
  An ogre simulacrum (IceCv)
  19 river rats
  2 shadow imps
  4 white imps (IceCv)
  4 ufetubi (IceCv)
  An ooze (D:3)
  An adder zombie (D:6)
  An adder skeleton (D:8)
  4 worms
  3 dart slugs
  4 leopard geckos
  66 orcs
  10 bats
  9 giant cockroaches
  6 goblins
  12 hobgoblins
  4 jackals (D:10)
  11 quokkas
  20 ball pythons
  2 frilled lizards (D:1)
  A giant cockroach zombie (D:6)
  A jackal skeleton (D:7)
  7 kobolds
  48 rats
  8 fungi
  4 plants
  A starspawn tentacle (Abyss:1)
981 creatures vanquished.

Vanquished Creatures (others)
  A blizzard demon (IceCv)
  A deep elf archer (Elf:1)
  A white imp (IceCv)
  4 orcs (Elf:1)
  40 fungi
  49 plants
  18 starspawn tentacles (Abyss:1)
114 creatures vanquished.

Grand Total: 1095 creatures vanquished

Notes
Turn   | Place    | Note
-------+----------+-------------------------------------------
     0 | D:1      | Delamore the Hill Orc Fighter began the quest for the Orb.
     0 | D:1      | Reached XP level 1. HP: 19/19 MP: 1/1
    63 | D:1      | Reached skill level 3 in Axes
   108 | D:1      | Reached XP level 2. HP: 22/26 MP: 2/2
   142 | D:1      | Found a sparkling altar of Nemelex Xobeh.
   222 | D:1      | Reached skill level 4 in Axes
   480 | D:1      | Reached XP level 3. HP: 31/31 MP: 3/3
   706 | D:2      | Reached skill level 5 in Axes
   726 | D:2      | Found an iron altar of Okawaru.
   736 | D:2      | Became a worshipper of Warmaster Okawaru
   832 | D:2      | Noticed Terence
   839 | D:2      | Killed Terence
   839 | D:2      | Reached XP level 4. HP: 32/39 MP: 4/4
  1139 | D:2      | Reached skill level 6 in Axes
  1557 | D:2      | Reached XP level 5. HP: 31/45 MP: 5/5
  1666 | D:2      | Reached skill level 7 in Axes
  2032 | D:3      | Found a glowing golden altar of the Shining One.
  2041 | D:3      | Reached skill level 8 in Axes
  2069 | D:3      | Reached XP level 6. HP: 51/51 MP: 6/6
  2283 | D:4      | Found a staircase to the Ecumenical Temple.
  2287 | D:4      | Noticed a phantom
  2343 | D:4      | Noticed Grinder
  2343 | D:4      | Noticed Eustachio
  2348 | D:4      | Found a glowing drain.
  2371 | Sewer    | Entered a sewer
  2982 | Sewer    | Reached skill level 9 in Axes
  2995 | Sewer    | Reached * piety under Okawaru
  2995 | Sewer    | Reached XP level 7. HP: 18/57 MP: 7/7
  3283 | D:4      | Reached skill level 10 in Axes
  3288 | D:4      | Paralysed by Grinder for 3 turns
  3308 | D:4      | Killed Grinder
  3308 | D:4      | Reached ** piety under Okawaru
  3308 | D:4      | Reached skill level 11 in Axes
  3309 | D:4      | Reached XP level 8. HP: 64/64 MP: 8/8
  3358 | D:4      | Killed Eustachio
  3358 | D:4      | Reached skill level 12 in Axes
  3897 | D:4      | Found a bloodstained altar of Trog.
  4023 | D:5      | Entered Level 5 of the Dungeon
  4054 | D:5      | Found a white marble altar of Elyvilon.
  4781 | D:5      | Reached skill level 13 in Axes
  4940 | D:5      | Reached *** piety under Okawaru
  5103 | D:6      | Found Veenatti's Distillery.
  5109 | D:6      | Bought a potion of cancellation for 80 gold pieces
  5109 | D:6      | Bought a potion of mutation for 80 gold pieces
  5109 | D:6      | Gained mutation: You have a pair of small horns on your
                  | head. [potion of mutation]
  5109 | D:6      | Gained mutation: You are partially covered in icy blue
                  | scales. (AC +2) [potion of mutation]
  5109 | D:6      | Gained mutation: You have a beak for a mouth. [potion of
                  | mutation]
  5109 | D:6      | Gained mutation: You have large cloven feet. [potion of
                  | mutation]
  5264 | D:6      | Reached skill level 14 in Axes
  5264 | D:6      | Reached XP level 9. HP: 70/70 MP: 9/9
  5884 | D:7      | Reached skill level 15 in Axes
  5931 | D:7      | Reached **** piety under Okawaru
  6508 | D:8      | Reached skill level 16 in Axes
  6617 | D:8      | Reached XP level 10. HP: 36/77 MP: 10/10
  6620 | D:8      | Reached ***** piety under Okawaru
  6620 | D:8      | Reached skill level 17 in Axes
  6638 | D:8      | Noticed a three-headed hydra
  6648 | D:8      | Killed a one-headed hydra
  6986 | D:8      | Identified a scroll of acquirement
  6987 | D:8      | Got a translucent battleaxe
  6994 | D:8      | Identified the +4 battleaxe of Generosity {protect, rF+
                  | Str+3 Dex+3 Stlth+} (You acquired it on level 8 of the
                  | Dungeon)
  6999 | D:8      | Found a blossoming altar of Fedhas.
  7276 | D:9      | Found a sparkling altar of Nemelex Xobeh.
  7387 | D:9      | Reached skill level 18 in Axes
  7917 | D:10     | Entered Level 10 of the Dungeon
  8042 | D:10     | Received a gift from Okawaru
  8042 | D:10     | Reached skill level 19 in Axes
  8168 | D:10     | Lost mutation: You have a beak for a mouth. [potion of
                  | mutation]
  8168 | D:10     | Lost mutation: You have large cloven feet. [potion of
                  | mutation]
  8168 | D:10     | Lost mutation: You have a pair of small horns on your head.
                  | [potion of mutation]
  8168 | D:10     | Gained mutation: Your flesh is cold resistant. (rC+)
                  | [potion of mutation]
  8168 | D:10     | Gained mutation: You have sharp fingernails. [potion of
                  | mutation]
  8181 | D:10     | Reached XP level 11. HP: 81/82 MP: 11/11
  8743 | D:11     | Noticed a five-headed hydra
  8756 | D:10     | Killed a one-headed hydra
  8756 | D:10     | Reached skill level 20 in Axes
  9032 | D:11     | Noticed a manticore
  9039 | D:11     | Noticed a cyclops
  9046 | D:11     | Found a staircase to the Orcish Mines.
  9051 | D:11     | Killed a manticore
  9056 | D:11     | Killed a cyclops
  9098 | D:11     | Found a staircase to the Lair.
  9099 | D:11     | Noticed a brown ugly thing
  9128 | D:11     | Killed a brown ugly thing
  9144 | D:11     | HP: 4/82 [yak (3)]
  9164 | D:11     | Reached skill level 21 in Axes
  9286 | D:11     | Received a gift from Okawaru
  9594 | D:11     | HP: 1/80 [poison (dark miasma)]
  9776 | D:11     | Reached ****** piety under Okawaru
  9860 | Lair:1   | Entered Level 1 of the Lair of Beasts
  9885 | Lair:1   | Noticed a seven-headed hydra
  9886 | Lair:1   | Reached XP level 12. HP: 67/90 MP: 12/12
 10037 | Lair:1   | Killed a four-headed hydra
 10037 | Lair:1   | Reached skill level 22 in Axes
 10200 | Lair:1   | Noticed a seven-headed hydra
 10201 | Lair:1   | Noticed a seven-headed hydra
 10213 | Lair:1   | Killed a four-headed hydra
 10239 | Lair:1   | Killed a three-headed hydra
 10522 | Lair:1   | Noticed Shaidar's ghost (journeyman HOFi)
 10626 | Lair:1   | Found a runed translucent door.
 10671 | Lair:1   | Received a gift from Okawaru
 10679 | Lair:1   | Got a dazzling short sword {god gift}
 11303 | Lair:1   | Killed Shaidar's ghost
 11303 | Lair:1   | Reached skill level 5 in Fighting
 11581 | Lair:2   | Noticed a death yak
 11581 | Lair:2   | Noticed a death yak
 11587 | Lair:1   | Identified the +5 short sword "Lyusejewean" {protect,
                  | Dex+4} (Okawaru gifted it to you on level 1 of the Lair of
                  | Beasts)
 11602 | Lair:1   | Killed a death yak
 11602 | Lair:1   | Reached skill level 23 in Axes
 11602 | Lair:1   | Reached skill level 5 in Armour
 11603 | Lair:1   | Killed a death yak
 11899 | Lair:2   | Received a gift from Okawaru
 12088 | Lair:2   | Found a runed translucent gate.
 12088 | Lair:2   | Found a runed translucent gate.
 12090 | Lair:2   | Found a runed translucent gate.
 12152 | Lair:2   | Noticed a minotaur
 12155 | Lair:2   | Noticed Kotami's ghost (journeyman OpFi)
 12164 | Lair:2   | Reached XP level 13. HP: 97/104 MP: 13/13
 12631 | Lair:2   | Found a staircase to the Swamp.
 13350 | Lair:3   | Found a staircase to the Snake Pit.
 13387 | Lair:3   | Reached skill level 1 in Invocations
 13398 | Lair:3   | Reached skill level 1 in Evocations
 13844 | Lair:3   | Got a distressingly furry robe
 13847 | Lair:3   | Identified the +0 robe "Vorew" {*Slow rPois rC+} (You found
                  | it on level 3 of the Lair of Beasts)
 14166 | Lair:4   | Reached skill level 1 in Dodging
 14375 | Lair:4   | Found a white marble altar of Elyvilon.
 14381 | Lair:4   | Found the +8 orange crystal plate armour {Archmagi, Int+3
                  | Clar}
 15155 | Lair:4   | Received a gift from Okawaru
 16145 | Lair:5   | Found a shadowy altar of Dithmenos.
 16185 | Lair:5   | Reached skill level 5 in Invocations
 16366 | Lair:5   | Found a staircase to the Slime Pits.
 16553 | Lair:5   | Found a viscous altar of Jiyva.
 16787 | Lair:6   | Entered Level 6 of the Lair of Beasts
 16793 | Lair:6   | Got an ichor-stained trident
 16794 | Lair:6   | Identified the +8 trident of the Hierophant {elec, +Fly
                  | rN+} (You found it on level 6 of the Lair of Beasts)
 16823 | Lair:6   | Reached XP level 14. HP: 106/118 MP: 17/17
 17379 | Lair:6   | Reached skill level 10 in Fighting
 17389 | Lair:6   | Reached skill level 5 in Evocations
 17419 | Lair:6   | Received a gift from Okawaru
 17765 | Lair:6   | Received a gift from Okawaru
 17794 | Lair:6   | Got a pitted battleaxe {god gift}
 17795 | Lair:6   | Identified the +8 battleaxe "Xaepih" {distort, rElec Int+3}
                  | (Okawaru gifted it to you on level 6 of the Lair of Beasts)
 18094 | Lair:6   | Found a runed translucent door.
 18224 | Lair:6   | Reached skill level 10 in Armour
 18280 | Lair:6   | Reached skill level 5 in Dodging
 18843 | Orc:1    | Entered Level 1 of the Orcish Mines
 18846 | Orc:1    | Found a roughly hewn altar of Beogh.
 19131 | Orc:1    | Reached XP level 15. HP: 128/128 MP: 21/21
 19162 | Orc:2    | Entered Level 2 of the Orcish Mines
 19162 | Orc:2    | Noticed Erolcha
 19165 | Orc:2    | Killed Erolcha
 19165 | Orc:2    | Received a gift from Okawaru
 19173 | Orc:2    | Noticed an orc warlord
 19173 | Orc:2    | Found Tuxze's General Store.
 19221 | Orc:1    | Killed an orc warlord
 19490 | Orc:2    | Noticed Sonja
 19648 | Orc:2    | Cast into level 1 of the Abyss (Sonja)
 19754 | Abyss:1  | Found a corrupted altar of Lugonu.
 19849 | Abyss:1  | Noticed a tentacled starspawn
 19855 | Abyss:1  | Killed a tentacled starspawn
 19866 | Abyss:1  | Noticed a lich
 19878 | Abyss:1  | Killed a lich
 19929 | Abyss:1  | Noticed a tentacled starspawn
 19943 | Abyss:1  | Noticed a tentacled starspawn
 19959 | Orc:2    | Escaped the Abyss
 20031 | Orc:2    | HP: 5/130 [orc high priest/divine providence (14)]
 20396 | Orc:2    | Killed Sonja
 20519 | Orc:2    | Found Arimim's Antique Armour Shoppe.
 20638 | Orc:2    | Found Umuecken's Antique Weapon Boutique.
 20708 | Orc:2    | Found a staircase to the Elven Halls.
 20738 | Orc:2    | Found Cucsoeno's Book Shoppe.
 20955 | Elf:1    | Entered Level 1 of the Elven Halls
 20965 | Elf:1    | Received a gift from Okawaru
 21135 | Elf:1    | Found a frozen archway.
 21151 | IceCv    | Entered an ice cave
 21266 | IceCv    | Reached skill level 10 in Invocations
 22469 | IceCv    | Got a pair of scorched gloves
 22640 | Elf:1    | Identified the +0 pair of gloves of the Bulwark {Int+6
                  | Dex-5} (You found it in an ice cave)
 22804 | Elf:1    | Received a gift from Okawaru
 22817 | Elf:1    | Identified a +1 pair of boots of running (Okawaru gifted it
                  | to you on level 1 of the Elven Halls)
 22918 | Elf:1    | Reached XP level 16. HP: 65/139 MP: 7/23
 23345 | Elf:1    | Found Hegrem's Antique Armour Boutique.
 23352 | Elf:1    | Bought an embroidered hat for 294 gold pieces
 25065 | Elf:1    | Received a gift from Okawaru
 25404 | Elf:1    | Got a sparkling tin ring
 25676 | Elf:1    | Identified the ring "Apukli" {MP+9 Str+4} (You found it on
                  | level 1 of the Elven Halls)
 25722 | Elf:1    | Noticed a Tzitzimitl
 26111 | Orc:2    | Received a gift from Okawaru
 26776 | Elf:1    | Found a runed translucent gate.
 26776 | Elf:1    | Found a runed translucent gate.
 26776 | Elf:1    | Found a runed translucent gate.
 26776 | Elf:1    | Found a runed translucent gate.
 26776 | Elf:1    | Found a runed translucent gate.
 26777 | Elf:1    | Noticed a shadow dragon
 26778 | Elf:1    | Found a runed translucent gate.
 26914 | Elf:1    | Killed a shadow dragon
 27433 | Snake:1  | Entered Level 1 of the Snake Pit
 27575 | Snake:1  | Reached XP level 17. HP: 101/150 MP: 26/26
 27907 | Snake:1  | Noticed Aizul
 27934 | Snake:1  | Killed Aizul
 27934 | Snake:1  | Received a gift from Okawaru
 28339 | Snake:1  | You fall into a shaft and drop 1 floor!
 29172 | Snake:2  | Reached skill level 24 in Axes
 29421 | Snake:2  | Received a gift from Okawaru
 30622 | Snake:3  | Noticed Azrael
 30636 | Snake:3  | Killed Azrael
 30828 | Snake:3  | Reached skill level 25 in Axes
 31480 | Snake:3  | Found Xetirean's Assorted Antiques.
 31496 | Snake:3  | Found Ishrue Luday's Antique Weapon Boutique.
 31496 | Snake:3  | Found Yroiwn's Food Shop.
 31501 | Snake:3  | Found Nueguhu's Distillery.
 31506 | Snake:3  | Bought a scroll labeled UDUM ZACKELE for 33 gold pieces
 31506 | Snake:3  | Bought an encrusted broad axe for 297 gold pieces
 31507 | Snake:3  | Identified the cursed +1 broad axe of Satyriasis {chop,
                  | *Noise MP+9 Dex+4} (You bought it in a shop on level 3 of
                  | the Snake Pit)
 31515 | Snake:3  | Bought a potion of might for 56 gold pieces
 31515 | Snake:3  | Bought a potion of heal wounds for 70 gold pieces
 31521 | Snake:3  | Bought a scroll of identify for 66 gold pieces
 31521 | Snake:3  | Bought a potion of might for 132 gold pieces
 31521 | Snake:3  | Bought a scroll of identify for 66 gold pieces
 32291 | Snake:4  | Entered Level 4 of the Snake Pit
 32305 | Snake:4  | HP: 3/150 [naga warrior/+0 halberd (11)]
 32305 | Snake:4  | Slain by a guardian serpent

Levels and vault maps discovered:
D:1:      minmay_arrival_three_doors, layout_loops_ring,
          nemelex_xobeh_ov_fountains_minmay
D:2:      layout_loops_corners, okawaru_gym_becter, uniq_terence
D:3:      layout_loops_cross, lemuel_doored_altar
D:4:      layout_loops_ring, lemuel_coloured_pillars_altar, temple_fountains,
          gup_sewer_entry_glass, dk_noncrumbling_3, fountainhead, uniq_grinder,
          uniq_eustachio
D:5:      layout_rooms, elyvilon_altar_5, first_ration
D:6:      layout_loops_corners, serial_shops, shop
D:7:      layout_basic
D:8:      layout_cave_pools, basic_altar, hangedman_ranch
          [blue_anna_fruit_fields]
D:9:      layout_gridville, nicolae_overflow_crystal_walls,
          hangedman_decor_growths
D:10:     layout_irregular_city
D:11:     layout_roguey, due_lair_maze_entry_diamond, david_orc_2,
          lemuel_nasty_fountain
Lair:1:   layout_cave_pods, hellmonk_ghost_happy_afterlife
Lair:2:   lemuel_ratsnest, layout_gridlike, skrybe_swamp_entry_bodies,
          maelrawn_ghost_gauntlet_escape, infiniplex_staircase_pool,
          grunt_megastairs_3, minmay_lair_oklob_chamber
Lair:3:   layout_loops_ring, minmay_snake_entry_six_corridors, serial_rivers,
          chequers_serial_rivers_room_b, chequers_serial_rivers_large_a,
          chequers_serial_rivers_small_3, chequers_serial_rivers_large_b
Lair:4:   layout_roguey, basic_altar, zaba_anthole, kilobyte_rumbling_trees,
          serial_bayou_shore_a
Lair:5:   layout_regular_city, slime_altar_1, basic_altar, grunt_megastairs_2
Lair:6:   hangedman_lair_caniforms_friends, layout_hall_layers, wormcave
Snake:1:  layout_misc_corridors, uniq_aizul
Snake:2:  layout_basic, guppyfry_library_mini
Snake:3:  layout_cave_town, grunt_ministairs_8, nicolae_snake_lava_pool,
          minmay_shoptagon, uniq_azrael
Snake:4:  snake_hunt, layout_rooms, serial_shops, shop_fountains,
          grunt_ministairs_10, st_stairs_14
Orc:1:    layout_diamond_mine, gammafunk_ghost_stat_death, basic_altar,
          rock_pile
Orc:2:    grunt_orc_gardens, layout_caves, grunt_orc_garden, grunt_orc_garden,
          grunt_orc_garden, grunt_orc_garden, uniq_erolcha, uniq_sonja
Elf:1:    minmay_the_grid_triangle_9x9_rhombus_full
          [minmay_the_grid_triangle_9x9_semitri,
          minmay_the_grid_triangle_9x9_longest,
          minmay_the_grid_triangle_9x9_dagger,
          minmay_the_grid_triangle_9x9_sparse_checkered,
          minmay_the_grid_triangle_9x9_alien,
          minmay_the_grid_triangle_9x9_corrupted_corridor,
          minmay_the_grid_triangle_9x9_impossible_snake,
          minmay_the_grid_triangle_9x9_prize_center], layout_loops_cross,
          portal_ice_cave_entry_pillars_three, serial_shops, shop, orc_legates,
          nrook_uturn

Skill      XL: |  1  2  3  4  5  6  7  8  9 10 11 12 13 14 15 16 17 |
---------------+----------------------------------------------------+-----
Axes           | 3 4 5 6 8 9 11 14 16 19 21 23 25 | 25.6
Fighting       | 6 9 10 12 13 | 13.6
Armour         | 6 8 10 11 12 | 12.7
Invocations    | 5 8 10 12 | 12.1
Evocations     | 3 6 8 9 |  9.6
Dodging        | 3 5 6 8 |  8.3
Shields        | |  3.2

Action                   |  1- 3 |  4- 6 |  7- 9 | 10-12 | 13-15 | 16-18 || total
-------------------------+-------+-------+-------+-------+-------+-------++-------
Melee: War axe           |    91 |   239 |   337 |     3 |       |       ||   670
       Kick              |       |       |    46 |    27 |       |       ||    73
       Peck              |       |       |    28 |    26 |       |       ||    54
       Headbutt          |       |       |    31 |    15 |       |       ||    46
       Battleaxe         |       |       |       |   409 |  1335 |   544 ||  2288
       Hand axe          |       |       |       |    15 |       |       ||    15
       Executioner's axe |       |       |       |       |       |   472 ||   472
Throw: Dart              |       |       |       |       |     2 |       ||     2
Invok: Heroism           |       |       |       |     1 |       |     1 ||     2
 Abil: Evoke Berserk Rag |       |       |       |       |       |     1 ||     1
Evoke: Wand              |       |       |       |       |     9 |       ||     9
       Box of beasts     |       |       |       |       |     2 |       ||     2
  Use: Scroll            |     8 |     2 |     5 |    16 |    13 |    10 ||    54
       Potion            |       |       |     3 |     5 |    11 |     4 ||    23
 Stab: Distracted        |       |       |       |       |       |     1 ||     1
  Eat: Chunk             |       |     7 |    12 |    17 |    23 |    21 ||    80
       Ration            |       |       |       |     1 |     4 |     3 ||     8
Armor: Scale mail        |    40 |   119 |    98 |    87 |       |       ||   344
       Skin              |       |       |    30 |       |       |       ||    30
       Plate armour      |       |       |       |   104 |   114 |       ||   218
       Crystal plate arm |       |       |       |       |   921 |   730 ||  1651
Dodge: Dodged            |    27 |   116 |    80 |   207 |   580 |   301 ||  1311
Block: Shield            |    50 |   132 |   110 |     2 |       |       ||   294
